 Dungeon Crawl Stone Soup version 0.32-a0-995-gb4a59205af (webtiles) character file.

Game seed: 997628272199222362

24 GiantSquids the Ruffian (level 3, -1/26 HPs)
             Began as an Octopode Cinder Acolyte on Apr 23, 2024.
             Was a High Priest of Ignis.
             Succumbed to Terence's poison
             ... on level 2 of the Dungeon.
             The game lasted 00:01:53 (1042 turns).

GiantSquids the Ruffian (Octopode Cinder Acolyte)   Turns: 1042, Time: 00:01:54

Health: -1/26      AC:  8    Str: 15    XL:     3   Next: 2%
Magic:  4/4        EV: 11    Int: 16    God:    Ignis [*****.]
Gold:   66         SH:  0    Dex:  7    Spells: 4/4 levels left

rFire   + . .        b - +3 short sword
rCold   . . .        (no shield)
rNeg    . . .        (helmet restricted)
rPois   .            (no amulet)
rElec   .            (no ring)
rCorr   .            (no ring)
SInv    .            (no ring)
Will    .....        (no ring)
Stlth   ++           (no ring)
HPRegen 0.24/turn    (no ring)
MPRegen 0.09/turn    (no ring)
                     (no ring)

%: no passive effects
@: lethally poisoned (-1 -> -25), fiery-armoured
A: almost no armour, amphibious, 8 rings, camouflage 1, gelatinous body 1,
(nimble swimmer 1), tentacles
a: Renounce Religion, Fiery Armour, Foxfire Swarm, Rising Flame


You were on level 2 of the Dungeon.
You worshipped Ignis.
Ignis was extremely pleased with you.
You visited 1 branch of the dungeon, and saw 2 of its levels.

You collected 66 gold pieces.

Inventory:

Hand Weapons
 b - a +3 short sword (weapon)
Scrolls
 c - a scroll of identify {unknown}
 d - a scroll of vulnerability {unknown}
 f - a scroll of acquirement {unknown}
 g - a scroll of blinking {unknown}
 h - a scroll of revelation {unknown}
Potions
 a - a potion of resistance {unknown}
 e - a potion of brilliance {unknown}
 i - a potion of attraction {unknown}


   Skills:
 - Level 3.1 Fighting
 - Level 0.4 Dodging
 + Level 1.7 Stealth
 * Level 3.6 Unarmed Combat
 - Level 1.0 Spellcasting
 - Level 3.0 Fire Magic


You had 4 spell levels left.
You didn't know any spells.
Your spell library contained the following spells:

 Spells                   Type           Power      Damage    Failure   Level
 Scorch                   Fire           20%        2d5       10%         2
 Inner Flame              Hex/Fire       5%         N/A       36%         3
 Irradiate                Conj/Alch      0%         3d11      99%         5
 Ignition                 Fire           5%         3d4       100%        8


Dungeon Overview and Level Annotations

Branches:
Dungeon (2/15)

Altars:

Annotations:
D:2 Terence


Innate Abilities, Weirdness & Mutations

You cannot wear most types of armour.
You are amphibious.
You can wear up to eight rings at the same time.
Your skin changes colour to match your surroundings (Stealth+).
Your rubbery body absorbs attacks. (AC +1, EV +1)
((You are camouflaged when in or above water. (Stealth+)))
You have tentacles for arms and can constrict up to eight enemies at once.


Message History

Increase (S)trength, (I)ntelligence, or (D)exterity?
You feel stronger. x2
A kobold comes into view. It is wielding a +0 short sword.
A kobold is nearby!
The helpless kobold fails to defend itself.
You hit the kobold.
You kill the kobold!
No target in view!
Things that are here:
a +0 short sword; 4 stones Terence the Incautious comes into view.
He is wielding a +0 trident of venom.
Terence is nearby!
Terence is nearby!
A rat comes into view.
A ball python comes into view.
The rat squeaks loudly.
Terence shouts!
Terence hits you from afar with a +0 trident of venom.
You are poisoned.
Found a ring mail.
You feel very sick. The rat misses you.
Terence hits you with a +0 trident of venom.
You are lethally poisoned!
You hit Terence but do no damage. Your grab misses Terence.
Your squeeze misses Terence.
You feel very sick. The rat closely misses you. Terence barely misses you.
You hit Terence. You grab Terence.
Terence is lightly wounded.
You constrict Terence, but do no damage.
* * * LOW HITPOINT WARNING * * *
You feel very sick.
Terence hits you with a +0 trident of venom.
* * * LOW HITPOINT WARNING * * *
You are more poisoned.
The rat misses you.
A protective cloak of flame settles atop you.
You constrict Terence.
You die...
Ignis goes out, and joins you in death.

....... ...
######## ..S
........ #.# #
...<.... #.#
####.## ....## #.#
....... ...##.†.
###.# ......[
........
#####...##@......
..##.##.
#........@r......
#.##.
###.#...!.....#.###
#....
##...#.......##..#
######.###
##..###..........##
#......... #).##
#........##
#........> #.##
#........#
#......... #.#
#....>...#
#......... # #.#
#.......##
#........>
##.#.#####...†...#
#.........


You could see Terence and a rat.

Vanquished Creatures
  A dart slug (D:1)
  4 ball pythons
  2 endoplasms (D:1)
  4 goblins
  3 kobolds
  4 bats
  A frilled lizard (D:2)
  3 rats
22 creatures vanquished.

Notes
Turn   | Place    | Note
-------+----------+-------------------------------------------
     0 | D:1      | GiantSquids the Octopode Cinder Acolyte began the quest for
                  | the Orb.
     0 | D:1      | Reached XP level 1. HP: 16/16 MP: 2/2
   299 | D:1      | Reached XP level 2. HP: 8/21 MP: 3/3
   303 | D:1      | Reached skill level 1 in Stealth
  1010 | D:2      | Reached XP level 3. HP: 26/26 MP: 4/4
  1034 | D:2      | Noticed Terence
  1042 | D:2      | Succumbed to Terence's poison

Illustrated notes

Levels and vault maps discovered:
D:1:      psy_arrival_basics, layout_basic
D:2:      layout_rooms, bh_walls_and_bars, uniq_terence, uniq_natasha

Skill      XL: |  1  2 |
---------------+-------+-----
Stealth        | 1 |  1.7
Fighting       | |  3.1
Dodging        | |  0.4
Unarmed Combat | |  3.6
Spellcasting   | |  1.0
Fire Magic     | |  3.0

Action                     || total
---------------------------++-------
  Melee: Short sword       ||    38
         Tentacles         ||    14
         Constrict         ||     9
 Invoke: Fiery Armour      ||     1
   Stab: Sleeping          ||     3
 Armour: Skin              ||    30
  Dodge: Dodged            ||    26

Table legend: (Time is in decaauts)
 A = Elapsed time spent in this place.
 B = Non-inter-level travel time spent in this place.
 C = Inter-level travel time spent in this place.
 D = Time resting spent in this place.
 E = Time spent auto-exploring this place.
 F = Levels seen in this place.
 G = Mean time per level.
                   A        B        C        D        E       F      G
               +--------+--------+--------+--------+--------+-----+--------+
         Total |   1041 |   1007 |     34 |      0 |    846 |   2 |  520.5 |
       Dungeon |   1041 |   1007 |     34 |      0 |    846 |   2 |  520.5 |
               +--------+--------+--------+--------+--------+-----+--------+

Top non-repeatable levels by time:
     D:1: 899 daAuts
     D:2: 141 daAuts
